 Dungeon Crawl Stone Soup version 0.29.1-15-g9cfb28693d (webtiles) character file.

Game seed: 4299222273678207378

1562 BuddhaDhamma the Cleaver (level 8, -3/64 HPs)
             Began as a Minotaur Berserker on Mar 13, 2023.
             Was a Priest of Trog.
             Slain by a killer bee (5 damage)
             ... on level 7 of the Dungeon.
             The game lasted 00:09:01 (6605 turns).

BuddhaDhamma the Cleaver (Minotaur Berserker)       Turns: 6605, Time: 00:09:02

Health: -3/64      AC: 12    Str: 24    XL:     8   Next: 58%
Magic:  7/7        EV:  4    Int:  4    God:    Trog [***...]
Gold:   346        SH: 11    Dex: 13    Spells: 7/7 levels left

rFire   . . .      SeeInvis +   j - +3 war axe of Evolution {freeze, Will+ Dex+3 SInv}
rCold   . . .      Faith    .   g - +1 tower shield
rNeg    . . .      Spirit   .   i - +0 chain mail
rPois   .          Reflect  .   (helmet restricted)
rElec   .          Harm     .   n - +0 cloak {rCorr}
rCorr   +          Rampage  .   e - +0 pair of gloves
Will    +....                   s - +0 pair of boots
Stlth   ..........              (no amulet)
HPRegen 0.20/turn               (no ring)
MPRegen 0.10/turn               (no ring)

@: lethally poisoned (-3 -> -9), on berserk cooldown, slowed, very slow
A: horns 2, retaliatory headbutt
a: Renounce Religion, Berserk, Trog's Hand


You were on level 7 of the Dungeon.
You worshipped Trog.
Trog was most pleased with you.
You visited 1 branch of the dungeon, and saw 7 of its levels.

You collected 346 gold pieces.

Inventory:

Hand Weapons
 j - the +3 war axe of Evolution (weapon) {freeze, Will+ Dex+3 SInv}
   (You found it on level 5 of the Dungeon)

   It freezes those it strikes, dealing additional cold damage.
   It can also slow down cold-blooded creatures.
   Dex:       It affects your dexterity (+3).
   SInv:      It lets you see invisible.
   Will:      It increases your willpower.
 l - a +0 broad axe
Armour
 e - a +0 pair of gloves (worn)
 g - a +1 tower shield (worn)
 i - a +0 chain mail (worn)
 n - a +0 cloak of preservation (worn)
 s - a +0 pair of boots (worn)
Jewellery
 p - a ring of magical power
Wands
 m - a wand of light (3)
 q - a wand of charming (6)
Scrolls
 a - 2 scrolls of fog
 c - 2 scrolls of identify
 f - 4 scrolls of teleportation
 r - a scroll of enchant armour
 u - a scroll of summoning {unknown}
Potions
 b - a potion of curing
 d - 2 potions of flight
 h - a potion of cancellation
 k - 2 potions of mutation
 o - a potion of invisibility
 t - a potion of resistance {unknown}


   Skills:
 - Level 3.6 Fighting
 + Level 13.3 Axes
 - Level 2.4 Armour
 - Level 2.1 Dodging


You had 7 spell levels left.
You didn't know any spells.
Your spell library was empty.

Dungeon Overview and Level Annotations

Branches:
Dungeon (7/15)             Temple (0/1) D:7

Altars:


Innate Abilities, Weirdness & Mutations

You have a pair of horns on your head.
You reflexively headbutt those who attack you in melee.


Message History

a +0 short sword; a +0 mace You feel a strong urge to attack something.
You feel sick.
A killer bee comes into view.
You are no longer berserk.
You are exhausted.
You feel yourself slow down.
The killer bee buzzes angrily.
You hear an angry buzzing noise.
Things that are here:
a +0 short sword; a +0 mace You feel sick.
The killer bee buzzes angrily.
The killer bee stings you.
You are more poisoned.
The killer bee poisons you!
Things that are here:
a +0 dagger; an orc corpse You feel sick.
The killer bee stings you.
* * * LOW HITPOINT WARNING * * *
You are more poisoned.
The killer bee poisons you! You block the killer bee's attack. x2
You hit the killer bee. You freeze the killer bee.
Your headbutt misses the killer bee.
The killer bee is heavily wounded.
* * * LOW HITPOINT WARNING * * *
You feel very sick. The killer bee stings you.
* * * LOW HITPOINT WARNING * * *
The killer bee stings you.
* * * LOW HITPOINT WARNING * * *
The killer bee stings you but does no damage. x2
You block the killer bee's attack.
The killer bee stings you but does no damage.
You miss the killer bee. You hit the killer bee. You freeze the killer bee.
* * * LOW HITPOINT WARNING * * *
You feel very sick.
The killer bee stings you but does no damage.
The killer bee completely misses you. You block the killer bee's attack. x2
The killer bee stings you.
You die...

? .# ###.#
##...#
###..####
#.......#
#))####.#
#.y####.####
#>@y........
####.######
#...###
#.#)..#
#.#†#.# #
#†#.# #
#.#.#
#.#.#.#
#.#.#.#..


You could see 2 killer bees.

Vanquished Creatures
  A water moccasin (D:6)
  An ice beast (D:5)
  A sky beast (D:7)
  A centaur (D:6)
  3 phantoms
  6 scorpions
  4 killer bees (D:7)
  A howler monkey (D:7)
  2 hounds
  An orc priest (D:6)
  A gnoll bouda (D:5)
  3 iguanas
  Jessica (D:3)
  Ijyb (D:3)
  An orc wizard (D:6)
  4 adders
  A shadow imp (D:6)
  4 dart slugs
  12 orcs
  6 endoplasms
  4 giant cockroaches
  5 goblins
  6 hobgoblins
  7 jackals
  7 quokkas
  9 ball pythons
  5 bats
  9 frilled lizards
  5 kobolds
  7 rats
119 creatures vanquished.

Vanquished Creatures (others)
  15 plants (D:2)
15 creatures vanquished.

Grand Total: 134 creatures vanquished

Notes
Turn   | Place    | Note
-------+----------+-------------------------------------------
     0 | D:1      | BuddhaDhamma the Minotaur Berserker began the quest for the
                  | Orb.
     0 | D:1      | Reached XP level 1. HP: 19/19 MP: 0/0
   113 | D:1      | Reached skill level 4 in Axes
   152 | D:1      | Reached XP level 2. HP: 26/26 MP: 1/1
   297 | D:1      | Found a faded altar of an unknown god.
   637 | D:1      | Reached skill level 5 in Axes
   700 | D:1      | Reached ** piety under Trog
   701 | D:1      | Reached XP level 3. HP: 31/31 MP: 2/2
  1525 | D:2      | Reached XP level 4. HP: 13/39 MP: 3/3
  1526 | D:2      | Reached skill level 6 in Axes
  2153 | D:3      | Noticed Ijyb
  2171 | D:3      | HP: 1/39 [Ijyb/bolt of light (8)]
  2172 | D:3      | Killed Ijyb
  2757 | D:3      | Reached *** piety under Trog
  2824 | D:3      | Reached XP level 5. HP: 38/45 MP: 4/4
  2890 | D:3      | Noticed Jessica
  2897 | D:3      | Killed Jessica
  2898 | D:3      | Reached skill level 7 in Axes
  3426 | D:4      | Reached skill level 8 in Axes
  3426 | D:4      | Reached XP level 6. HP: 41/51 MP: 5/5
  4313 | D:5      | Entered Level 5 of the Dungeon
  4447 | D:5      | Identified the +3 war axe of Evolution {freeze, Will+ Dex+3
                  | SInv}
  4879 | D:5      | Reached skill level 9 in Axes
  4933 | D:5      | Noticed an ice beast
  4947 | D:5      | Killed an ice beast
  4948 | D:5      | Reached XP level 7. HP: 57/57 MP: 6/6
  4955 | D:5      | Reached skill level 10 in Axes
  5436 | D:6      | Reached skill level 11 in Axes
  6053 | D:6      | Reached XP level 8. HP: 60/64 MP: 7/7
  6209 | D:6      | Reached skill level 12 in Axes
  6513 | D:7      | Found a staircase to the Ecumenical Temple.
  6596 | D:7      | Reached skill level 13 in Axes
  6605 | D:7      | HP: 2/64 [poisoned by a killer bee]
  6605 | D:7      | Slain by a killer bee

Illustrated notes

Levels and vault maps discovered:
D:1:      eino_arrival_cavern_d, layout_basic,
          dreamdust_ecumenical_altar_statues, minmay_split_cup_small
D:2:      layout_basic, serial_park_tiny_pond, serial_bayou_lagoon_a,
          minmay_lizard_pond
D:3:      layout_basic, wad_rectangle_vault, uniq_ijyb, uniq_jessica
D:4:      layout_loops_ring
D:5:      kennysheep_spiral_hall, layout_loops_ring
D:6:      layout_basic
D:7:      layout_basic, nicolae_overflow_two_pavilions,
          minmay_temple_entry_statues

Skill      XL: |  1  2  3  4  5  6  7  8 |
---------------+-------------------------+-----
Axes           | 4 5 6 8 9 11 13 | 13.3
Fighting       | |  3.6
Armour         | |  2.4
Dodging        | |  2.1

Action                   |  1- 3 |  4- 6 |  7- 9 || total
-------------------------+-------+-------+-------++-------
Melee: Hand axe          |    70 |       |       ||    70
       Headbutt          |     6 |    14 |     9 ||    29
       Broad axe         |    20 |    92 |       ||   112
       War axe           |       |    19 |    75 ||    94
Invok: Berserk           |     1 |     3 |     2 ||     6
  Use: Scroll            |       |     9 |     3 ||    12
Armor: Animal skin       |    10 |       |       ||    10
       Chain mail        |    40 |    50 |    46 ||   136
Dodge: Dodged            |    41 |    11 |    14 ||    66
Block: Tower shield      |    39 |    60 |    46 ||   145
